Zazza, neutral female human Tourist ----------- -.---- ------ |.........| |.....############|....| --------- |.......... ----- |@d..| #.^^<.-####-.......| |.........| #|...|#########...f>| |....| # |....{..| |..........######|...|# |....| ------ ###|.......| |.........| ##.`..|# |....| #|.......| |.........| ##|....## ####.....| #|.......| ----------- ####|...|# ## ------ #-.......| ##### # #|...| #### --------- # ### ----- # # ## ### #### ### -.------## # # |^.....|############### ### --------------######### |......|# # |.............### -|-.----- |......-# ###|......_.....| # #+.......| -------- #...........>.-#####`|.......| -------------- #........| --------- Zazza the Rambler Experience level: 1 Strength: 8 Dexterity: 12 Constitution: 16 Intelligence: 13 Wisdom: 8 Charisma: 18 Health: 0(6) Energy: 2(2) Def: 0 Gold: 190 Moves: 1254 Dungeon seed: gqCIyf_3bmkLt0vV Game ID: Zazza_1603096630 Your Inventory: Coins $ - 190 gold pieces Weapons a - 25 +2 darts Armor e - an uncursed +0 Hawaiian shirt (being worn) Comestibles b - 2 uncursed pancakes d - an uncursed cram ration f - an uncursed fortune cookie g - an uncursed tin of sewer rat meat h - an uncursed orange B - an uncursed carrot C - an uncursed tripe ration D - an uncursed tin of spinach E - an uncursed candy bar F - an uncursed cream pie H - an uncursed pear L - 2 uncursed food rations Scrolls k - 2 uncursed scrolls of magic mapping Potions j - 2 uncursed potions of extra healing Wands r - a blessed wand of striking (0:3) Tools l - an expensive camera (0:61) m - an uncursed credit card t - an uncursed blindfold Spells and supernatural/magical abilities: Name Level Category Fail Memory W - pray for help -- divine ? -- Your skills at the end: Fighting Skills Weapon Skills dart [Basic] Spellcasting Skills Final Attributes: You were nominally aligned. You are dead. Vanquished creatures: a yellow mold 8 jackals 2 foxes 2 kobolds a goblin 3 sewer rats 5 grid bugs 5 lichens 4 newts 31 creatures vanquished. Voluntary challenges: You never hit with a wielded weapon. You read items or engraved 2 times, starting on turn 344. You never genocided any monsters. You never polymorphed an object. You never changed form. You used no wishes. You never split a pudding. You wrote Elbereth's name 2 times, starting on turn 344. You never violated your personal moral code. Dungeon overview: The Dungeons of Doom: levels 1 to 3 Level 1 some fountains a long staircase Level 2 a delicatessen, an altar to The Lady, some fountains Level 3 <- You were here an altar to Offler, a fountain stairs to The Gnomish Mines The Gnomish Mines: Level 4 stairs to The Dungeons of Doom History has recorded: On T:1 you entered the Dungeons of Doom to retrieve the Amulet of Yendor! On T:289 you reached level 2 of The Dungeons of Doom. On T:912 you reached level 3 of The Dungeons of Doom. On T:1220 you reached level 1 of The Gnomish Mines. Score breakdown: Gold: 0 ( 0 points) Experience: 1 level ( 0 points) Exploration: 4 levels ( 8.33%) ( 7579 points) Discoveries: 1 item ( 0.34%) ( 1737 points) Valuables value: (no points given unless you survive) Artifact value: 0 ( 0 points) Variety of kills: 9 monsters ( 2.36%) ( 4610 points) Turncount: 1254 turns ( 0 points) Survival: died (score multiplied by 80%) Total score: 11140 Latest messages: You stop. Armand is in the way! (2x) You displace Armand. You stop. Armand is in the way! You displace Armand. You stop. Armand is in the way! There is an altar to Offler (chaotic) here. You displace Armand. This door is locked. That door is closed. You succeed in picking the lock. The door resists! The door opens. With great effort you move the boulder. You try to move the boulder, but in vain. You displace Armand. You see here a food ration. L - a food ration. The door opens. You stop. Armand is in the way! Armand misses the coyote. (2x) The coyote bites! (2x) Armand misses the coyote. (3x) The coyote bites! You die... Final status: Aloha Zazza the Tourist, killed by a coyote... You died in The Dungeons of Doom on dungeon level 3 with 11140 points, and 190 pieces of gold, after 1254 moves. You were level 1 with a maximum of 6 hit points when you died.